 Dungeon Crawl Stone Soup version 0.31-a0-263-ge8cad7f256 (webtiles) character file.

Game seed: 11936634834425929135

23 qw the Shooter (level 2, -4/24 HPs)
             Began as a Minotaur Hexslinger on July 13, 2023.
             Slain by a gnoll
             ... wielding a +0 whip
              (9 damage)
             ... on level 1 of the Dungeon.
             The game lasted 00:00:16 (343 turns).

qw the Shooter (Minotaur Hexslinger)                 Turns: 343, Time: 00:00:16

Health: -4/24      AC:  2    Str: 12    XL:     2   Next: 72%
Magic:  2/2        EV: 12    Int: 10    God:
Gold:   33         SH:  0    Dex: 12    Spells: 2/3 levels left

rFire   . . .        a - +1 sling
rCold   . . .        (no shield)
rNeg    . . .        c - +0 robe
rPois   .            (helmet restricted)
rElec   .            (no cloak)
rCorr   .            (no gloves)
SInv    .            (no boots)
Will    .....        (no amulet)
Stlth   +            (no ring)
HPRegen 0.24/turn    (no ring)
MPRegen 0.08/turn

%: no passive effects
@: no status effects
A: horns 2, retaliatory headbutt
a: no special abilities


You were on level 1 of the Dungeon.
You visited 1 branch of the dungeon, and saw 1 of its levels.

You collected 33 gold pieces.


Innate Abilities, Weirdness & Mutations

You have a pair of horns on your head.
You reflexively headbutt those who attack you in melee.


   Skills:
 - Level 2.0 Fighting
 + Level 3.3 Ranged Weapons
 - Level 2.1 Dodging
 - Level 1.0 Spellcasting
 - Level 2.0 Hexes


You had 2 spell levels left.
You knew the following spells:

 Your Spells              Type           Power      Damage    Failure   Level
a - Slow                  Hex            16%        N/A       16%         1

Your spell library contained the following spells:

 Spells                   Type           Power      Damage    Failure   Level
 Inner Flame              Hex/Fire       2%         N/A       56%         3
 Portal Projectile        Hex/Tloc       4%         N/A       56%         3
 Cause Fear               Hex            2%         N/A       83%         4

Inventory:

Hand Weapons
 a - a +1 sling (weapon)
Armour
 c - a +0 robe (worn)
Scrolls
 b - a scroll of poison
 d - a scroll of immolation {unknown}
Potions
 e - a potion of berserk rage {unknown}

Dungeon Overview and Level Annotations

Branches:
Dungeon (1/15)

Altars:

Shops:
D:1 [


Message History

The gnoll shouts!
The bat barely misses you. You furiously retaliate!
You headbutt the bat. You shoot a sling bullet.
The sling bullet barely misses the bat.
The bat closely misses you.
A bat comes into view.
You shoot a sling bullet.
The sling bullet closely misses the bat.
The bat hits you.
You shoot a sling bullet.
The sling bullet closely misses the goblin.
The sling bullet barely misses the bat.
The bat closely misses you. You furiously retaliate!
You headbutt the bat.
You kill the bat!
The goblin misses you. You furiously retaliate!
You headbutt the goblin!
You kill the goblin!
You shoot a sling bullet.
The sling bullet closely misses the bat.
The bat hits you but does no damage.
You shoot a sling bullet. The sling bullet hits the gnoll.
The gnoll is heavily wounded.
The bat barely misses you. The gnoll hits you with a +0 whip.
You shoot a sling bullet.
The sling bullet closely misses the gnoll.
The bat closely misses you. The gnoll completely misses you.
You furiously retaliate!
You headbutt the gnoll. You shoot a sling bullet.
The sling bullet hits the gnoll but does no damage.
The gnoll is severely wounded.
The bat hits you. The gnoll hits you with a +0 whip!
You shoot a sling bullet.
The sling bullet barely misses the gnoll.
The bat hits you but does no damage. The gnoll misses you.
The gnoll hits you with a +0 whip.
You shoot a sling bullet.
The sling bullet closely misses the gnoll.
The bat closely misses you. The gnoll hits you with a +0 whip.
You shoot a sling bullet.
The sling bullet closely misses the gnoll.
The bat closely misses you. The gnoll hits you with a +0 whip!
You die...

############# ......#
.............
.......##.#.............
....)...................
.....#. #...........####
.......###....)%###.#
#[......#.#.......####
#...)g..#.....###.....
#...@..##.....##.####
#..|b..##........#
#......##....#.####
#.................###
#.................... ...
##.^..........).##....
...###.....................
.............#...........##
......................#####


You could see a gnoll and a bat.

Vanquished Creatures
  3 endoplasms (D:1)
  4 hobgoblins (D:1)
  A quokka (D:1)
  2 bats (D:1)
  A frilled lizard (D:1)
  4 goblins (D:1)
  6 kobolds (D:1)
  A rat (D:1)
22 creatures vanquished.

Notes
Turn   | Place    | Note
-------+----------+-------------------------------------------
     0 | D:1      | qw the Minotaur Hexslinger began the quest for the Orb.
     0 | D:1      | Reached XP level 1. HP: 16/16 MP: 1/1
     0 | D:1      | 0 ||| qw: Version: 0.3-a-52-g30416fa
     0 | D:1      | 0 ||| qw: Game counter: 7527
     0 | D:1      | 0 ||| qw: Melee chars always use a shield: true
     0 | D:1      | 0 ||| qw: God list: Okawaru
     0 | D:1      | 0 ||| qw: Allow faded altars: false
     0 | D:1      | 0 ||| qw: Do Orc after clearing Dungeon:15 true
     0 | D:1      | 0 ||| qw: Do second Lair branch before Depths: true
     0 | D:1      | 0 ||| qw: Lair rune preference: random
     0 | D:1      | 0 ||| qw: Goals: Normal
     0 | D:1      | 0 ||| PLANNING D:1-11
    31 | D:1      | HP: 4/16 [goblin/+0 dagger (1)]
    33 | D:1      | 33 ||| FLEEEEING.
    44 | D:1      | 44 ||| FLEEEEING.
    45 | D:1      | 45 ||| FLEEEEING.
    46 | D:1      | 46 ||| FLEEEEING.
    99 | D:1      | Reached skill level 3 in Ranged Weapons
   100 | D:1      | Reached XP level 2. HP: 23/23 MP: 2/2
   294 | D:1      | Found Zugycax's Antique Armour Boutique.
   302 | D:1      | 302 ||| SHOPLISTING dyed leather armour (100 gold, have
                  | 33).
   302 | D:1      | 302 ||| SHOPLISTING glowing acid dragon scales (860 gold,
                  | have 33).
   302 | D:1      | 302 ||| SHOPLISTING leather armour (40 gold, have 33).
   302 | D:1      | 302 ||| SHOPLISTING masterwork ring mail (180 gold, have
                  | 33).
   302 | D:1      | 302 ||| SHOPLISTING pair of boots (90 gold, have 33).
   302 | D:1      | 302 ||| SHOPLISTING ring mail (80 gold, have 33).
   302 | D:1      | 302 ||| SHOPLISTING runed leather armour (100 gold, have
                  | 33).
   342 | D:1      | HP: 5/24 [gnoll/+0 whip (3)]
   343 | D:1      | Slain by a gnoll

Levels and vault maps discovered:
D:1:      amcnicky_arrival_wind_blow, layout_rooms, serial_shops,
          nicolae_shop_temple_entry_statues_fountains

Skill      XL: |  1  2 |
---------------+-------+-----
Ranged Weapons | 3 |  3.3
Fighting       | 2 |  2.0
Dodging        | |  2.1
Spellcasting   | |  1.0
Hexes          | |  2.0

Action                     || total
---------------------------++-------
   Fire: Sling             ||    66
 Armour: Robe              ||     8
  Dodge: Dodged            ||    26

Table legend:
 A = Non-vault XP
 B = Vault XP
 C = Vault XP percentage of total XP
 D = Non-vault monster count
 E = Vault monster count
 F = Vault count percentage of total count
                 A         B        C        D         E       F
            +---------+---------+-------+---------+---------+-------
      Total |      33 |       0 |   0.0 |      22 |       0 |   0.0
            +---------+---------+-------+---------+---------+-------
        D:1 |      33 |       0 |   0.0 |      22 |       0 |   0.0
            +---------+---------+-------+---------+---------+-------
